 Dungeon Crawl Stone Soup version 0.26-a0-651-gb41185065b (webtiles) character file.

Game seed: 2125177496330490418

(classic levelgen) 1632 EnegeticOcto the Chopper (level 8, 51/74 HPs)
             Began as a Deep Dwarf Fighter on Oct 17, 2020.
             Quit the game on level 7 of the Dungeon.
             The game lasted 00:01:39 (2082 turns).

EnegeticOcto the Chopper (Deep Dwarf Fighter)       Turns: 2082, Time: 00:01:40

Health: 51/74      AC: 10    Str: 21    XL:     8   Next: 66%
Magic:  2/2        EV:  6    Int: 10    God:
Gold:   240        SH: 17    Dex: 12    Spells: 7/7 levels left

rFire    . . .     SeeInvis .   a - +0 war axe
rCold    . . .     Faith    .   n - +2 tower shield
rNeg     . . .     Spirit   .   b - +0 scale mail
rPois    .         Reflect  .   (no helmet)
rElec    .         Harm     .   m - +0 cloak
rCorr    .         Rampage  .   o - +0 pair of gloves
MR       +....                  (no boots)
Stlth    ..........             (no amulet)
HPRegen  0.00/turn              (no ring)
MPRegen  0.08/turn              (no ring)

@: non-regenerating
A: damage resistance, heal wounds, sense surroundings 1, no regeneration
a: Heal Wounds


You were on level 7 of the Dungeon.
You visited 1 branch of the dungeon, and saw 7 of its levels.

You collected 240 gold pieces.

Inventory:

Hand Weapons
 a - a +0 war axe (weapon)
Armour
 b - a +0 scale mail (worn)
 c - a +0 kite shield
 m - a +0 cloak (worn)
 n - a +2 tower shield (worn)
 o - a +0 pair of gloves (worn)
Jewellery
 p - an uncursed ring of fire {unknown}
 t - a +4 ring of evasion {unknown}
 v - a cursed -4 ring of strength {unknown}
Wands
 u - a wand of iceblast (7) {@v2}
Scrolls
 e - 4 scrolls of identify {unknown}
 f - a scroll of enchant weapon {unknown}
 h - 2 scrolls of fear {unknown}
 j - a scroll of magic mapping {unknown}
 l - a scroll of teleportation {unknown}
 q - a scroll of fog {unknown}
Potions
 d - 5 potions of might {@q3}
 g - a potion of curing {unknown}
 i - a potion of cancellation {unknown}
 k - a potion of haste {unknown}
 r - a potion of berserk rage {unknown}
 s - a potion of magic {unknown}


   Skills:
 + Level 5.2 Fighting
 * Level 7.9 Axes
 + Level 6.3 Armour
 + Level 6.3 Shields


You had 7 spell levels left.
You didn't know any spells.
Your spell library was empty.

Dungeon Overview and Level Annotations

Branches:
Dungeon (7/15)             Temple (0/1) D:6

Altars:

Shops:
D:7 (


Innate Abilities, Weirdness & Mutations

You are resistant to damage.
You can heal yourself by infusing magical energy.
You passively map a small area around you.
You do not regenerate.


Message History

You closely miss the worker ant.
The worker ant is heavily wounded.
You block the worker ant's attack. x2
You barely miss the worker ant.
The worker ant is heavily wounded.
The worker ant barely misses you.
You hit the worker ant.
The worker ant is severely wounded.
The worker ant bites you.
You are poisoned.
The worker ant poisons you! The worker ant bites you.
You closely miss the worker ant.
The worker ant is severely wounded.
You block the worker ant's attack.
You barely miss the worker ant.
The worker ant is severely wounded.
The worker ant bites you but does no damage.
You block the worker ant's attack.
You hit the worker ant.
You kill the worker ant!
No target in view!
No target in view!
You see here a worker ant corpse.
You see here a worker ant corpse.
You are no longer poisoned.
Found 31 stones.
Found 3 javelins.
You see here 31 stones.
A jelly comes into view.
The jelly quivers.
A jelly is nearby!
A jelly is nearby!
A jelly is nearby!
A jelly is nearby!
You block the jelly's attack.
Found 10 gold pieces.
You see here a wand of iceblast (7) {@v2}.
You slash the jelly!
You kill the jelly!
No target in view!
No target in view!
No target in view!
No target in view!
No target in view!
No target in view!
No target in view!
No target in view!
No target in view!
No target in view!
u - a wand of iceblast (7) {@v2} You now have 240 gold pieces (gained 10).
Found 26 stones.
Found a stone staircase leading down.
There is a stone staircase leading down here.
An ogre comes into view. It is wielding a +0 giant club.
The ogre shouts!
You see here a blackened copper ring.
An ogre is nearby!
An ogre is nearby!
An ogre is nearby!
You slice the ogre!!
The ogre is severely wounded.
The ogre hits you with a +0 giant club. You block the ogre's attack.
You hit the ogre.
The ogre is severely wounded.
You block the ogre's attack.
You barely miss the ogre.
The ogre is severely wounded.
You block the ogre's attack.
You slash the ogre!
The ogre is almost dead.
You block the ogre's attack.
You slash the ogre!
You kill the ogre!
No target in view!
No target in view!
No target in view!
No target in view!
No target in view!
No target in view!
No target in view!
No target in view!
No target in view!
No target in view!
No target in view!
No target in view!
No target in view!
No target in view!
No target in view!
No target in view!
v - a blackened copper ring You see here a +0 giant club.
Found a spear.
Found a scale mail.
You open the door.
Found Ove Piu's Weapon Shoppe.
There is an open door here.
There is an entrance to Ove Piu's Weapon Shoppe here.
Unknown command.
Are you sure you want to abandon this character and quit the game? (Confirm with "yes".)

# ##### # ##...# #
#####....####### ##
#....###.......# ###.
#. #@# * #.# #..# #.
##'# ####.#####.#. #.
#..# #.......##.## #.#
#.## #............
#.###.# #.......##.##
#.....# #..........#
#..##[# #....†..####
#..##.#####.......#####
#..#...................


There were no monsters in sight!

Vanquished Creatures
  2 orc warriors (D:7)
  2 ice beasts (D:7)
  A sky beast (D:6)
  A centaur (D:6)
  3 ogres
  2 bullfrogs
  4 scorpions
  A bullfrog zombie (D:7)
  3 orc wizards
  A jelly (D:7)
  3 orc priests
  A centaur skeleton (D:4)
  An iguana (D:6)
  3 worker ants
  A hound zombie (D:6)
  A worker ant zombie (D:6)
  2 adders
  3 shadow imps
  4 leopard geckos
  28 orcs
  7 bats
  5 giant cockroaches
  4 hobgoblins
  5 jackals (D:1)
  3 quokkas
  2 frilled lizards (D:1)
  2 goblins
  6 kobolds
  5 rats
106 creatures vanquished.

Notes
Turn   | Place    | Note
-------+----------+-------------------------------------------
     0 | D:1      | EnegeticOcto the Deep Dwarf Fighter began the quest for the
                  | Orb.
     0 | D:1      | Reached XP level 1. HP: 20/20 MP: 1/1
   127 | D:1      | Reached XP level 2. HP: 24/27 MP: 2/2
   240 | D:1      | Reached XP level 3. HP: 28/34 MP: 3/3
   285 | D:1      | Reached skill level 3 in Axes
   469 | D:3      | Reached XP level 4. HP: 39/42 MP: 4/4
   740 | D:4      | Reached skill level 4 in Axes
   743 | D:4      | Reached XP level 5. HP: 21/49 MP: 5/5
  1106 | D:5      | Entered Level 5 of the Dungeon
  1220 | D:5      | You fall into a shaft and drop 1 floor!
  1346 | D:6      | Found a staircase to the Ecumenical Temple.
  1380 | D:6      | Reached XP level 6. HP: 36/56 MP: 4/4
  1408 | D:6      | Reached skill level 5 in Axes
  1413 | D:6      | Noticed a sky beast
  1430 | D:6      | Killed a sky beast
  1430 | D:6      | Reached XP level 7. HP: 35/64 MP: 3/3
  1434 | D:6      | Reached skill level 5 in Armour
  1434 | D:6      | Reached skill level 5 in Shields
  1522 | D:6      | Reached skill level 6 in Axes
  1674 | D:7      | Reached XP level 8. HP: 40/73 MP: 3/3
  1716 | D:7      | Reached skill level 7 in Axes
  1736 | D:7      | Reached skill level 5 in Fighting
  2079 | D:7      | Found Ove Piu's Weapon Shoppe.
  2082 | D:7      | Quit the game

Illustrated notes

Levels and vault maps discovered:
D:1:      minmay_arrival_semitransparent, layout_loops_ring
D:2:      layout_loops_ring
D:3:      layout_loops_ring, cheibrodos_ashenzari_chains
D:4:      layout_loops_ring
D:5:      layout_basic, uniq_edmund
D:6:      layout_rooms, temple_statues
D:7:      layout_loops_ring, serial_shops, nicolae_shop_window_shopping

Skill      XL: |  1  2  3  4  5  6  7  8 |
---------------+-------------------------+-----
Fighting       | 3 4 5 |  5.2
Axes           | 3 4 5 6 7 |  7.9
Armour         | 4 5 6 |  6.3
Shields        | 4 5 6 |  6.3

Action                   |  1- 3 |  4- 6 |  7- 9 || total
-------------------------+-------+-------+-------++-------
Melee: War axe           |    88 |   155 |   127 ||   370
 Abil: Heal Wounds       |     2 |     9 |    12 ||    23
Armor: Scale mail        |    39 |    77 |    62 ||   178
Dodge: Dodged            |    27 |    46 |    30 ||   103
Block: Kite shield       |    54 |    46 |       ||   100
       Tower shield      |       |   116 |   165 ||   281

Table legend: (Time is in decaauts)
 A = Elapsed time spent in this place.
 B = Non-inter-level travel time spent in this place.
 C = Inter-level travel time spent in this place.
 D = Time resting spent in this place.
 E = Time spent auto-exploring this place.
 F = Levels seen in this place.
 G = Mean time per level.
                   A        B        C        D        E       F      G
               +--------+--------+--------+--------+--------+-----+--------+
         Total |   2227 |   2129 |     98 |      0 |   1362 |   7 |  318.1 |
       Dungeon |   2227 |   2129 |     98 |      0 |   1362 |   7 |  318.1 |
               +--------+--------+--------+--------+--------+-----+--------+

Top non-repeatable levels by time:
     D:4: 638 daAuts
     D:7: 560 daAuts
     D:6: 366 daAuts
     D:1: 349 daAuts
     D:5: 124 daAuts
     D:2: 102 daAuts
     D:3: 86 daAuts
